Map: Automaton LE

Players

StoicLoofah - Winner!

  • Race: Protoss Protoss
  • Spawn Location: 9:00

A.I. 1 (Very Easy)

  • Race: Terran Terran
  • Spawn Location: 3:00

VOD

Have the link to the VOD?

Description

Time

  • Played on: Nov. 22, 2018, 12:30 a.m.
  • Length: 6:48
Show
View Real Time Build Order
Export as new Build Order

StoicLoofah Protoss - Winner!

Build Orders: 1 Gate Expand, Carrier Rush, Dark Templar Rush 

Get SALT Encoding   

  12  0:01  Probe  
  13  0:13  Probe  
  14  0:21  Pylon  
  14  0:25  Probe  
  15  0:39  Probe  
  16  0:45  Gateway  
  16  0:51  Probe  
  16  0:53  Assimilator  
  17  0:59  Probe  
  18  1:07  Probe  
  19  1:20  Probe  
  20  1:27  Nexus  
  20  1:32  Probe  
  21  1:39  Cybernetics Core  
  21  1:44  Probe  
  22  1:49  Assimilator  
  22  1:55  Pylon  
  22  1:57  Probe  
  23  2:07  Warp Gate  
  23  2:13  Probe  
  24  2:21  Twilight Council  
  24  2:25  Probe  
  25  2:39  Probe x2  
  25  2:42  Pylon  
  27  2:45  Assimilator  
  27  2:50  Assimilator  
  27  2:57  Stargate  
  27  3:10  Dark Shrine, Probe  
  27  3:11  Probe  
  29  3:18  Probe  
  29  3:19  Probe  
  31  3:31  Probe x2  
  33  3:41  Fleet Beacon  
  33  3:51  Probe x2  
  35  4:30  Shadow Stride  
  35  4:45  Carrier  
  41  4:55  Dark Templar  
  43  5:02  Probe x2  
  45  5:28  Probe x2  
  47  6:19  Probe x2  
Show
View Real Time Build Order
Export as new Build Order

A.I. 1 (Very Easy) Terran 

Build Orders:  

Get SALT Encoding   

  12  0:00  SCV  
  13  0:13  SCV  
  14  0:19  Supply Depot  
  14  0:39  Refinery  
  14  0:43  Barracks  
  14  1:07  Supply Depot  
  14  1:14  Refinery  
  14  1:29  Marine  
  14  1:32  SCV  
  16  1:44  SCV  
  17  1:56  SCV  
  17  2:01  Marine  
  19  2:08  SCV  
  20  2:20  SCV  
  21  2:32  SCV, Marine  
  23  2:44  Orbital Command  
  23  5:44  SCV, Marine  
  23  5:45  Supply Depot  
  23  5:47  Factory  
  22  5:56  SCV  
  17  6:08  SCV  
  14  6:16  Marine  
  10  6:20  SCV  
  5  6:32  SCV  
  5  6:35  Barracks Tech Lab  
Tags
 
Add a new tag
Caveats
  • Supply blocks, unpowered buildings, or Contaminate may cause inaccurate times.
  • Supply counts are checked every 10 seconds.